 Dungeon Crawl Stone Soup version 0.21-a0-504-g2eda330 (webtiles) character file.

554 sagitran the Chiller (level 7, 0/48 HPs)
             Began as a Barachi Ice Elementalist on Nov 25, 2017.
             Was an Initiate of Cheibriados.
             Slain by a wyvern skeleton (1 damage)
             ... on level 6 of the Dungeon.
             The game lasted 00:22:26 (4583 turns).

sagitran the Chiller (Barachi Ice Elementalist)     Turns: 4583, Time: 00:22:26

Health: 0/48       AC:  3    Str: 11    XL:     7   Next: 30%
Magic:  6/13       EV: 13    Int: 19    God:    Cheibriados [......]
Gold:   214        SH:  0    Dex: 14    Spells: 0/14 levels left

rFire    . . .     SeeInvis +   d - +2 war axe (freeze)
rCold    . . .     Gourm    .   (no shield)
rNeg     . . .     Faith    .   g - +0 leather armour
rPois    .         Spirit   .   (no helmet)
rElec    +         Reflect  .   (no cloak)
rCorr    .         Harm     .   (no gloves)
MR       .....                  (no boots)
Stlth    ++........             (no amulet)
HPRegen  0.16/turn              h - ring of see invisible
MPRegen  0.13/turn              (no ring)

@: lethally poisoned (0 -> -9), can't hop, very slow
A: +LOS, swims, see invisible, clever 1, electricity resistance, slowness 1,
strong legs 1
a: Hop, Bend Time, Renounce Religion


You were on level 6 of the Dungeon.
You worshipped Cheibriados.
Cheibriados was noncommittal.
You were hungry.

You visited 2 branches of the dungeon, and saw 9 of its levels.

You collected 214 gold pieces.

Inventory:

Hand Weapons
 d - a +2 war axe of freezing (weapon)
 i - a +0 hand axe
 p - a +2 dagger of venom
Missiles
 q - 3 tomahawks (quivered)
Armour
 a - a +0 robe
 e - a +0 ring mail
 g - a +0 leather armour (worn)
 y - +0 acid dragon scales
Magical Staves
 B - an uncursed staff of air
Jewellery
 h - a ring of see invisible (left hand)
Wands
 w - a wand of paralysis (18)
 x - a wand of iceblast (16)
Scrolls
 t - 2 scrolls of magic mapping {unknown}
 z - 3 scrolls of teleportation {unknown}
 A - a scroll of identify
 C - a scroll of blinking {unknown}
Potions
 j - a potion of agility
 k - a potion of cancellation
 n - a potion of might {unknown}
 r - a potion of flight {unknown}
 u - a potion of curing
 v - a potion of brilliance {unknown}
Books
 b - a book of Frost

   Spells                             Type                      Level
   a - Freeze                         Ice                          1
   b - Throw Frost                    Conjuration/Ice              2
   c - Ozocubu's Armour               Charms/Ice                   3
   d - Throw Icicle                   Conjuration/Ice              4
   e - Summon Ice Beast               Ice/Summoning                4
Comestibles
 c - 6 bread rations
 m - a fruit
 s - 2 chunks of flesh


   Skills:
 + Level 1.4 Fighting
 + Level 0.7 Short Blades
 + Level 3.3 Axes
 + Level 2.3 Armour
 + Level 3.1 Dodging
 + Level 2.5 Stealth
 + Level 4.1 Spellcasting
 + Level 2.1 Conjurations
 + Level 5.5 Ice Magic
 + Level 0.1 Invocations


You couldn't memorise any spells.
You knew the following spells:

 Your Spells              Type           Power        Failure   Level  Hunger
a - Freeze                Ice            ####         1%          1    None
b - Throw Frost           Conj/Ice       ###...       5%          2    ##.....
c - Ozocubu's Armour      Chrm/Ice       ##......     17%         3    ###....
d - Throw Icicle          Conj/Ice       ###.....     36%         4    ####...
e - Summon Ice Beast      Ice/Summ       ##......     50%         4    ####...


Dungeon Overview and Level Annotations

Branches:
Dungeon (8/15)             Temple (1/1) D:4
   Lair: D:8-11

Altars:
Cheibriados
Fedhas
Qazlal
Trog
Uskayaw

Shops:
D:4 [

Annotations:
D:8 Psyche


Innate Abilities, Weirdness & Mutations

Shadows flee at your approach. (+LOS)
You can swim through water.
You cover ground slowly.
You can hop short distances.
You have supernaturally acute eyesight. (SInv)
Your mind is acute. (Int +2)
You are resistant to electric shocks. (rElec)


Message History

* * * LOW HITPOINT WARNING * * *
You feel better. The wyvern skeleton bites you.
* * * LOW HITPOINT WARNING * * *
The crimson imp hits you but does no damage.
The water moccasin bites you.
* * * LOW HITPOINT WARNING * * *
You are lethally poisoned!
The water moccasin poisons you!
An ooze comes into view.
It was a potion of mutation.
You feel extremely strange.
Your vision sharpens.
You feel insulated.
You feel clever.
* * * LOW HITPOINT WARNING * * *
You feel sick. The wyvern skeleton misses you. The water moccasin bites you.
* * * LOW HITPOINT WARNING * * *
The crimson imp grins evilly.
The crimson imp hits you.
* * * LOW HITPOINT WARNING * * *
The orc wizard gestures wildly while chanting.
The orc wizard seems to speed up.
The wyvern skeleton bites you.
You die...

.....## J..
.......###..#
.........#..
.........>.##
............##
........o....##
..............##
........Z..o...#
/......5@o.o...#
.......S.%.......
.................
.................
..#.............$
# ##.............
###.........<.
###.........
..........


You could see an orc warrior, a water moccasin, 2 orc wizards, a crimson imp, an
ooze (wandering), an orc and a wyvern skeleton.

Vanquished Creatures
  An ogre (D:4)
  A big kobold (D:3)
  A hound (D:4)
  An orc priest (D:4)
  Jessica (D:3)
  2 orc wizards (D:4)
  4 worker ants
  7 adders
  2 oozes
  A worm (D:2)
  4 dart slugs
  4 leopard geckos
  7 orcs
  6 bats
  5 giant cockroaches
  10 goblins
  5 hobgoblins
  3 jackals (D:3)
  12 kobolds
  4 quokkas
  A ball python (D:1)
  4 frilled lizards
  9 rats
95 creatures vanquished.

Notes
Turn   | Place    | Note
-------+----------+-------------------------------------------
     0 | D:1      | sagitran the Barachi Ice Elementalist began the quest for the Orb.
     0 | D:1      | Reached XP level 1. HP: 13/13 MP: 3/3
   136 | D:1      | Reached skill level 4 in Ice Magic
   136 | D:1      | Reached XP level 2. HP: 14/19 MP: 1/5
   210 | D:1      | Learned a level 2 spell: Throw Frost
   610 | D:1      | Reached XP level 3. HP: 24/24 MP: 7/7
  1084 | D:2      | Learned a level 3 spell: Ozocubu's Armour
  1626 | D:2      | Reached XP level 4. HP: 23/30 MP: 0/8
  2450 | D:3      | Found a blossoming altar of Fedhas.
  2585 | D:3      | Noticed a big kobold
  2668 | D:3      | Reached skill level 5 in Ice Magic
  2668 | D:3      | Reached XP level 5. HP: 36/36 MP: 10/10
  2697 | D:3      | Noticed Jessica
  2699 | D:3      | Killed Jessica
  2938 | D:3      | Reached skill level 1 in Armour
  3244 | D:3      | Killed a big kobold
  3244 | D:3      | Reached skill level 1 in Fighting
  3244 | D:3      | Reached XP level 6. HP: 34/43 MP: 8/11
  3323 | D:4      | Found a snail-covered altar of Cheibriados.
  3326 | D:4      | Became a worshipper of Cheibriados the Contemplative
  3369 | D:4      | Found a stormy altar of Qazlal.
  3418 | D:4      | Reached skill level 1 in Axes
  3428 | D:4      | Found a staircase to the Ecumenical Temple.
  3442 | Temple   | Entered the Ecumenical Temple
  3506 | D:4      | Learned a level 4 spell: Throw Icicle
  3750 | D:4      | Found Huubuf's Armour Shop.
  3767 | D:4      | Reached XP level 7. HP: 48/48 MP: 0/13
  4450 | D:5      | Entered Level 5 of the Dungeon
  4461 | D:5      | Found a hide-covered altar of Uskayaw.
  4514 | D:5      | Learned a level 4 spell: Summon Ice Beast
  4554 | D:5      | You fall through a shaft for 3 floors!
  4557 | D:8      | Noticed Psyche
  4575 | D:7      | Noticed a hippogriff
  4583 | D:6      | Gained mutation: You have supernaturally acute eyesight. (SInv) [potion of mutation]
  4583 | D:6      | Gained mutation: You are resistant to electric shocks. (rElec) [potion of mutation]
  4583 | D:6      | Gained mutation: Your mind is acute. (Int +2) [potion of mutation]
  4583 | D:6      | HP: 1/48 [crimson imp (3)]
  4583 | D:6      | Slain by a wyvern skeleton

Vault maps used:
D:1:      dpeg_arrival_rhombi
D:3:      cheibrodos_thug_alley, lemuel_crystal_altar, first_bread, uniq_jessica
D:4:      minmay_door_path, kennysheep_mini_moat, overflow_temple_1_default,
          minmay_temple_entry_butterflies, serial_shops, shop, dk_noncrumbling_2
D:5:      basic_altar, minmay_misc_feat_x, nicolae_ashenzari_panopticon,
          uniq_duvessa
D:6:      nicolae_gozag_cash_rules_everything_around_me, serial_shops, shop
D:7:      marbit_many_paths, serial_shops, nicolae_shop_behind_doors, the_bakery
D:8:      uniq_psyche, uniq_joseph
Temple:   hc_temple_tempest_star

Skill      XL: |  1  2  3  4  5  6 |
---------------+-------------------+-----
Ice Magic      | 4 5 |  5.5
Spellcasting   | 3 4 |  4.1
Armour         | 1 2 |  2.3
Fighting       | 1 |  1.4
Stealth        | 2 |  2.5
Axes           | 3 |  3.3
Dodging        | 3 |  3.1
Conjurations   | 2 |  2.1
Short Blades   | |  0.7
Invocations    | |  0.1

Action                   |  1- 3 |  4- 6 |  7- 9 || total
-------------------------+-------+-------+-------++-------
Melee: Club              |    11 |       |       ||    11
       Hand axe          |    21 |       |       ||    21
       Dagger            |     9 |    54 |       ||    63
       War axe           |       |    34 |    10 ||    44
Throw: Tomahawk          |       |     3 |       ||     3
 Cast: Freeze            |    23 |    14 |     4 ||    41
       Throw Frost       |    14 |    34 |     4 ||    52
       Ozocubu's Armour  |     1 |       |       ||     1
       Throw Icicle      |       |     2 |     7 ||     9
Invok: Bend Time         |       |     2 |       ||     2
 Abil: Hop               |       |     2 |     1 ||     3
Evoke: Wand              |       |     1 |       ||     1
  Use: Scroll            |     4 |     3 |     2 ||     9
       Potion            |       |     2 |     2 ||     4
 Stab: Sleeping          |       |     1 |       ||     1
  Eat: Chunk             |     3 |     9 |     3 ||    15
       Fruit             |     1 |     1 |     2 ||     4
Armor: Robe              |    11 |       |       ||    11
       Leather armour    |    12 |    24 |     6 ||    42
Dodge: Dodged            |    52 |    73 |    20 ||   145

Table legend:
 A = Spawn XP
 B = Non-spawn XP
 C = Spawn XP percentage of total XP
 D = Spawn monster count
 E = Non-spawn monster count
 F = Spawn count percentage of total count
 G = Total turns spent on level
                    A         B        C        D         E        F      G
               +---------+---------+-------+---------+---------+-------+---------
         Total |       0 |     792 |   0.0 |       0 |      95 |   0.0 |  4583
               +---------+---------+-------+---------+---------+-------+---------
           D:1 |       0 |      51 |   0.0 |       0 |      24 |   0.0 |  1245
           D:2 |       0 |      56 |   0.0 |       0 |      13 |   0.0 |  1077
           D:3 |       0 |     236 |   0.0 |       0 |      38 |   0.0 |   986
           D:4 |       0 |     415 |   0.0 |       0 |      19 |   0.0 |  1122
           D:5 |       0 |      34 |   0.0 |       0 |       1 |   0.0 |   104
               +---------+---------+-------+---------+---------+-------+---------
